 Dungeon Crawl Stone Soup version 0.22-a0-83-g218e7ff (webtiles) character file.

3339 wvc the Spear-Bearer (level 10, -6/120 HPs)
             Began as a Naga Wanderer on Jan 19, 2018.
             Was an Initiate of Cheibriados.
             Mangled by a glaive of electrocution (10 damage)
             ... created by the rancor of the Wu Jian Council
             ... on level 8 of the Dungeon.
             The game lasted 00:19:08 (7182 turns).

wvc the Spear-Bearer (Naga Wanderer)                Turns: 7182, Time: 00:19:09

Health: -6/120     AC: 21    Str: 15    XL:     10   Next: 2%
Magic:  12/12      EV:  1    Int: 15    God:    Cheibriados [......]
Gold:   484        SH:  0    Dex: 14    Spells: 9/11 levels left

rFire    . . .     SeeInvis +   c - +0 spear (distort)
rCold    . . .     Gourm    .   (no shield)
rNeg     + + +     Faith    .   (armour currently unavailable)
rPois    +         Spirit   .   (helmet currently unavailable)
rElec    .         Reflect  .   (cloak currently unavailable)
rCorr    .         Harm     .   (gloves currently unavailable)
MR       +....     NoTele   +   (no barding)
Stlth    ++........             (no amulet)
HPRegen  0.30/turn              (no ring)
MPRegen  0.13/turn              (no ring)

@: tree-form, corroded, slowed, very slow
A: large, see invisible, high mp 1, slow metabolism 1, spit poison 1, AC +3
a: Spit Poison, Bend Time, Renounce Religion


You were on level 8 of the Dungeon.
You worshipped Cheibriados.
Cheibriados was noncommittal.
You were not hungry.
You were a tree.
You visited 1 branch of the dungeon, and saw 8 of its levels.

You collected 484 gold pieces.

Inventory:

Hand Weapons
 c - a +0 spear of distortion (weapon)
Missiles
 e - 19 poisoned needles
 w - 4 needles of paralysis
Armour
 g - a +0 leather armour (melded)
 m - a +0 helmet
 o - a +1 naga barding (melded)
 p - a +2 cloak (melded)
 x - a +2 pair of gloves (melded)
 y - the +9 shield of the Bulwark {rElec SInv Stlth-}
   (You found it on level 7 of the Dungeon)

   It insulates you from electricity.
   It lets you see invisible.
   It makes you less stealthy.
 E - a +1 hat
 F - a +1 hat
Magical Staves
 C - an uncursed staff of conjuration {unknown}
Wands
 q - a wand of flame (20)
 t - a wand of digging (14)
 B - a wand of acid (11)
Scrolls
 h - 8 scrolls of teleportation
 l - 2 scrolls of enchant armour
 n - 6 scrolls of remove curse
 D - a scroll of enchant weapon {unknown}
Potions
 a - a potion of flight {unknown}
 b - a potion of degeneration {unknown}
 d - a potion of might
 i - 3 potions of curing
 j - a potion of cancellation {unknown}
 r - a potion of berserk rage
 s - a potion of brilliance
 v - a potion of resistance {unknown}
 z - 2 potions of mutation
 A - a potion of ambrosia {unknown}
 G - a potion of agility {unknown}
Books
 k - a book of Maledictions

   Spells                             Type                      Level
   a - Corona                         Hexes                        1
   b - Ensorcelled Hibernation        Hexes/Ice                    2
   c - Confuse                        Hexes                        3
   d - Tukima's Dance                 Hexes                        3
   e - Dazzling Spray                 Conjuration/Hexes            3
Comestibles
 f - 10 rations


   Skills:
 - Level 2.0 Fighting
 + Level 13.3 Polearms
 - Level 1.0 Throwing
 - Level 1.0 Armour
 - Level 1.5 Stealth
 - Level 1.0 Spellcasting
   Level 2.0 Charms
   Level 2.0 Earth Magic


You had 9 spell levels left.
You knew the following spells:

 Your Spells              Type           Power        Failure   Level  Hunger
a - Blink                 Tloc           N/A          36%         2    ###....


Dungeon Overview and Level Annotations

Branches:
Dungeon (8/15)             Temple (0/1) D:5
   Lair: D:8-11

Altars:
Cheibriados
Dithmenos
Okawaru
Qazlal
Uskayaw
Wu Jian
Yredelemnul
Zin

Shops:
D:5 %

Annotations:
D:4 Paulus's ghost, amateur MfGl


Innate Abilities, Weirdness & Mutations

You cannot wear boots.
((Your serpentine skin is tough. (AC +3)))
You have supernaturally acute eyesight. (SInv)
((Armour fits poorly on your strangely shaped body.))
((Your system is resistant to poisons. (rPois)))
((You cover ground very slowly.))
You have a slow metabolism.
You can spit poison.
((You have a pair of small horns on your head.))
((Your tail ends in a poisonous barb.))
You have an increased reservoir of magic. (+10% MP)


Message History

The worker ant is almost dead.
The worker ant bites you.
* * * LOW HITPOINT WARNING * * *
Attack whom?
Press: ? - help, Dir - move target cursor, f/p - worker ant
Aim: a worker ant (almost dead)
You hit the worker ant.
The worker ant looks slightly unstable.
The worker ant is almost dead.
The glaive of electrocution hits you from afar!
* * * LOW HITPOINT WARNING * * *
You are electrocuted!
* * * LOW HITPOINT WARNING * * *
The worker ant bites you but does no damage.
You cannot teleport because you are held in place by your roots.
You hit the worker ant.
You kill the worker ant!
Cheibriados appreciates the change of pace.
You barely miss the quarterstaff of crushing.
The glaive of electrocution hits you from afar!
You die...

#.# ##..#
#.#.##
#.###.#.#
#.#.##
###....#.#
#.#.##
.....#.#...#
#.#.##
######.#.#####
#.....
#...##.#.#
#.....
#....(.#
###.##
.....##(###
#... ### #♣#
#### ........#
#########


You could see 2 dancing weapons.

Vanquished Creatures
  A two-headed ogre (D:8)
  3 dancing weapons (D:8)
  Sigmund (D:2)
  A human (D:7)
  2 hogs (D:7)
  Edmund (D:5)
  A sky beast (D:6)
  2 ogres
  An orc warrior (D:6)
  2 phantoms
  A centaur (D:6)
  2 bullfrogs
  2 scorpions
  2 howler monkeys (D:6)
  5 crimson imps
  2 bullfrog zombies (D:5)
  A hound (D:4)
  An iron imp (D:7)
  A gnoll shaman (D:7)
  A jelly (D:5)
  3 orc wizards
  An orc priest (D:6)
  Natasha (twice) (D:4)
  8 worker ants
  A killer bee zombie (D:7)
  Robin (D:2)
  2 worker ant zombies
  6 gnolls
  7 adders
  An ooze (D:3)
  An adder zombie (D:6)
  An adder skeleton (D:4)
  2 worms (D:2)
  2 dart slugs
  5 leopard geckos
  9 orcs
  5 bats
  2 giant cockroaches
  15 goblins
  14 hobgoblins
  5 jackals (D:4)
  8 kobolds
  4 quokkas
  2 ball pythons (D:1)
  6 frilled lizards
  A jackal skeleton (D:6)
  A quokka skeleton (D:4)
  5 rats
153 creatures vanquished.

Vanquished Creatures (others)
  A hog (D:7)
  A centaur zombie (D:8)
  3 fungi (D:8)
  2 plants (D:8)
7 creatures vanquished.

Grand Total: 160 creatures vanquished

Notes
Turn   | Place    | Note
-------+----------+-------------------------------------------
     0 | D:1      | wvc the Naga Wanderer began the quest for the Orb.
     0 | D:1      | wvc set off with: a +2 spear, a +0 hand axe, the Catalogue of Clay, a +0 robe, a ration
     0 | D:1      | Reached XP level 1. HP: 19/19 MP: 2/2
     0 | D:1      | Identified the Catalogue of Clay
    14 | D:1      | Reached skill level 1 in Polearms
    34 | D:1      | Reached XP level 2. HP: 24/26 MP: 3/3
   143 | D:1      | Reached skill level 2 in Polearms
   614 | D:1      | Reached XP level 3. HP: 27/32 MP: 4/4
  1317 | D:2      | Reached skill level 3 in Polearms
  1384 | D:2      | Noticed Robin
  1537 | D:2      | Killed Robin
  1537 | D:2      | Reached XP level 4. HP: 28/39 MP: 5/5
  1934 | D:2      | Found a basalt altar of Yredelemnul.
  1938 | D:2      | Reached skill level 4 in Polearms
  1997 | D:2      | Reached XP level 5. HP: 39/45 MP: 6/6
  2214 | D:2      | Found a faded altar of an unknown god.
  2226 | D:2      | Became a worshipper of the Wu Jian Council
  2226 | D:2      | Reached * piety under Wu Jian
  2272 | D:2      | Noticed Sigmund
  2285 | D:2      | Killed Sigmund
  2285 | D:2      | Reached skill level 6 in Polearms
  2285 | D:2      | Reached XP level 6. HP: 31/52 MP: 7/7
  2354 | D:2      | Found a glowing silver altar of Zin.
  2369 | D:2      | Found a stormy altar of Qazlal.
  2994 | D:3      | Found a basalt altar of Yredelemnul.
  3203 | D:4      | Found a shadowy altar of Dithmenos.
  3219 | D:4      | Reached ** piety under Wu Jian
  3322 | D:4      | Noticed Natasha
  3335 | D:4      | Killed Natasha
  3335 | D:4      | Reached XP level 7. HP: 50/60 MP: 8/8
  3402 | D:4      | Noticed Paulus's ghost (amateur MfGl)
  3414 | D:5      | Entered Level 5 of the Dungeon
  3469 | D:5      | Reached skill level 7 in Polearms
  3559 | D:5      | Found a staircase to the Ecumenical Temple.
  3646 | D:5      | Learned a level 2 spell: Blink
  3872 | D:5      | Found Weoviyt's Food Shoppe.
  4203 | D:5      | Reached skill level 8 in Polearms
  4667 | D:4      | Noticed Natasha
  4685 | D:4      | Killed Natasha
  4778 | D:4      | Reached XP level 8. HP: 55/67 MP: 9/9
  4944 | D:6      | Noticed Edmund
  4959 | D:5      | Killed Edmund
  4959 | D:5      | Reached skill level 9 in Polearms
  5009 | D:6      | Reached skill level 10 in Polearms
  5128 | D:6      | Reached *** piety under Wu Jian
  5190 | D:6      | Reached XP level 9. HP: 37/73 MP: 10/10
  5242 | D:6      | Reached skill level 11 in Polearms
  5716 | D:7      | Got an ichor-stained shield
  5717 | D:7      | Identified the +9 shield of the Bulwark {rElec SInv Stlth-} (You found it on level 7 of the Dungeon)
  5886 | D:7      | Found an iron altar of Okawaru.
  5899 | D:7      | Found a hide-covered altar of Uskayaw.
  5916 | D:7      | Gained mutation: You have an increased reservoir of magic. (+10% MP) [potion of mutation]
  5916 | D:7      | Gained mutation: Your tail ends in a poisonous barb. [potion of mutation]
  5916 | D:7      | Gained mutation: You have a pair of small horns on your head. [potion of mutation]
  5997 | D:7      | Reached skill level 12 in Polearms
  6350 | D:7      | Found a snail-covered altar of Cheibriados.
  6460 | D:7      | Fell from the grace of Wu Jian
  6460 | D:7      | Became a worshipper of Cheibriados the Contemplative
  6596 | D:8      | Noticed a two-headed ogre
  6607 | D:8      | Killed a two-headed ogre
  6607 | D:8      | Reached skill level 13 in Polearms
  7163 | D:8      | Reached XP level 10. HP: 74/80 MP: 12/12
  7180 | D:8      | HP: 4/120 [glaive of electrocution[the rancor of the Wu Jian Council] (16)]
  7182 | D:8      | Mangled by a glaive of electrocution

Vault maps used:
D:1:      matt_arrival_spirals
D:2:      lemuel_crystal_altar, amethyst_overflow_temple_binary,
          chequers_ecumenical_altar_island, hangedman_decor_riveting,
          uniq_robin, uniq_sigmund
D:3:      minmay_misc_feat_iff, yredelemnul_altar_generic
D:4:      nicolae_dithmenos_the_darkroom, uniq_natasha
D:5:      minmay_temple_entry_junction, first_ration, serial_shops,
          nicolae_shop_temple_entry_statues_fountains, minmay_hedge_maze
D:6:      kennysheep_nondescript, uniq_edmund
D:7:      grunt_temple_overflow_open, grunt_livestock, grunt_decor_mini_mirrors,
          chei_slow_surprise
D:8:      vehumet_statue, lemuel_round_altar, grunt_lair_entry_orc_guard_hut,
          serial_bayou_pond_d

Skill      XL: |  1  2  3  4  5  6  7  8  9 |
---------------+----------------------------+-----
Polearms       | 1 2 3 4 6 8 10 13 | 13.3
Fighting       | |  2.0
Throwing       | |  1.0
Armour         | |  1.0
Stealth        | |  1.5
Spellcasting   | |  1.0
Charms         | |  2.0
Earth Magic    | |  2.0

Action                   |  1- 3 |  4- 6 |  7- 9 | 10-12 || total
-------------------------+-------+-------+-------+-------++-------
Melee: Spear             |   110 |   238 |   564 |     8 ||   920
       Headbutt          |       |       |     8 |     1 ||     9
       Tailslap          |       |       |     5 |       ||     5
Invok: Lunge             |       |     1 |     1 |       ||     2
       Whirlwind         |       |     3 |     1 |       ||     4
       Wall Jump         |       |       |     5 |       ||     5
 Abil: Spit Poison       |     1 |    10 |    25 |       ||    36
Evoke: Wand              |       |       |     1 |       ||     1
  Use: Scroll            |     5 |     2 |    10 |       ||    17
       Potion            |       |       |     4 |     1 ||     5
 Stab: Sleeping          |     3 |     3 |     6 |       ||    12
  Eat: Chunk             |     1 |     6 |     4 |       ||    11
       Ration            |       |       |     3 |       ||     3
Armor: Robe              |     2 |       |       |       ||     2
       Leather armour    |    31 |    95 |   190 |     1 ||   317
       Skin              |       |       |     8 |     1 ||     9
Dodge: Dodged            |    31 |    52 |    94 |       ||   177

Table legend:
 A = Spawn XP
 B = Non-spawn XP
 C = Spawn XP percentage of total XP
 D = Spawn monster count
 E = Non-spawn monster count
 F = Spawn count percentage of total count
 G = Total turns spent on level
                    A         B        C        D         E        F      G
               +---------+---------+-------+---------+---------+-------+---------
         Total |       0 |    4771 |   0.0 |       0 |     152 |   0.0 |  7182
               +---------+---------+-------+---------+---------+-------+---------
           D:1 |       0 |      45 |   0.0 |       0 |      25 |   0.0 |  1307
           D:2 |       0 |     392 |   0.0 |       0 |      34 |   0.0 |  1196
           D:3 |       0 |      36 |   0.0 |       0 |      13 |   0.0 |   577
           D:4 |       0 |     260 |   0.0 |       0 |      17 |   0.0 |   598
           D:5 |       0 |     679 |   0.0 |       0 |      18 |   0.0 |  1283
           D:6 |       0 |    1008 |   0.0 |       0 |      24 |   0.0 |   747
           D:7 |       0 |    1040 |   0.0 |       0 |      13 |   0.0 |   788
           D:8 |       0 |    1311 |   0.0 |       0 |       8 |   0.0 |   686
               +---------+---------+-------+---------+---------+-------+---------
